cohdb
Replays
Latest Replays
All Replays
Popular Replays
Top Player Replays
Match Explorer
How It Works
Community
CoH3 Stats
Reddit
Sign in to upload your games and track your stats! →
Sign in with Steam
Match 45689851
Unlisted
Match 45689851
Overview
Messages
Build Orders
End
Construct Barracks
Selects Armored Battlegroup
Selects Veteran Crews
1⁄4-ton 4x4 Truck
Riflemen Squad
Riflemen Squad
Riflemen Squad
Infantry Support Center
Selects Fast Deploy
Construct Motor Pool
M8 Greyhound Armored Car
Construct Medical Station
Engineer Squad
Grenade Package
Scout Squad
M1918 Browning Automatic Rifles
Scout Squad
M1 Anti-tank Gun Team
M1 Anti-tank Gun Team
Construct Tank Depot
Selects Seek and Destroy
Selects UNKNOWN (2160077)
Selects M31 Recovery Vehicle
Engineer Squad
Selects War Machine
Looney
PlatzFichte
Ermac
4-in-1 Petrol lawnmower
0
0
Comments
sign in to comment!
No comments posted yet!